 Dungeon Crawl Stone Soup version 0.27-a0-1123-g2f9bb313c0 (webtiles) character file.

Game seed: 5229158824341403398

42 Zeld the Shield-Bearer (level 3, -1/26 HPs)
             Began as an Octopode Fighter on May 3, 2021.
             Slain by a worm (10 damage)
             ... on level 2 of the Dungeon.
             The game lasted 00:01:00 (1289 turns).

Zeld the Shield-Bearer (Octopode Fighter)           Turns: 1289, Time: 00:01:01

Health: -1/26      AC:  1    Str: 16    XL:     3   Next: 56%
Magic:  3/3        EV: 11    Int: 10    God:
Gold:   53         SH:  9    Dex: 11    Spells: 2/2 levels left

rFire    . . .     SeeInvis .   a - +0 war axe
rCold    . . .     Faith    .   b - +0 kite shield
rNeg     . . .     Spirit   .   (helmet restricted)
rPois    .         Reflect  .   (no amulet)
rElec    .         Harm     .   (no ring)
rCorr    .         Rampage  .   (no ring)
Will     .....                  (no ring)
Stlth    ++........             (no ring)
HPRegen  0.08/turn              (no ring)
MPRegen  0.08/turn              (no ring)
                                (no ring)
                                (no ring)

@: no status effects
A: almost no armour, amphibious, 8 rings, camouflage 1, gelatinous body 1,
(nimble swimmer 1), tentacles
a: no special abilities


You were on level 2 of the Dungeon.
You visited 1 branch of the dungeon, and saw 2 of its levels.

You collected 53 gold pieces.

Inventory:

Hand Weapons
 a - a +0 war axe (weapon)
Armour
 b - a +0 kite shield (worn)
Scrolls
 d - a scroll of amnesia {unknown}
 f - 2 scrolls of identify {unknown}
 g - 2 scrolls of fog {unknown}
 j - a scroll of vulnerability {unknown}
Potions
 c - a potion of might
 e - a potion of curing {unknown}
 h - a potion of attraction {unknown}
 i - a potion of cancellation {unknown}


   Skills:
 * Level 3.5 Fighting
 * Level 2.7 Axes
 - Level 3.0 Dodging
 * Level 3.5 Shields


You had 2 spell levels left.
You didn't know any spells.
Your spell library was empty.

Dungeon Overview and Level Annotations

Branches:
Dungeon (2/15)

Altars:


Innate Abilities, Weirdness & Mutations

You cannot wear most types of armour.
You are amphibious.
You can wear up to eight rings at the same time.
Your skin changes colour to match your surroundings (Stealth+).
Your rubbery body absorbs attacks. (AC +1, EV +1)
((You are camouflaged near water. (Stealth+)))
You have tentacles for arms and can constrict up to eight enemies at once.


Message History

There are monsters nearby!
An endoplasm comes into view.
The helpless worm fails to defend itself.
You hit the worm. Your grab misses the worm.
The worm is lightly wounded.
The worm misses you.
You hit the worm. Your grab misses the worm.
The worm is moderately wounded.
You hit the endoplasm. The endoplasm freezes you.
You are frozen.
The worm bites you! The endoplasm freezes you.
You are frozen.
You are too injured to fight recklessly!
You are too injured to fight recklessly!
Your shield prevents you from hitting the endoplasm.
The endoplasm is moderately wounded.
You slash the worm! The endoplasm completely misses you.
You block the worm's attack.
Unknown command.
You hit the endoplasm.
You kill the endoplasm!
You block the giant cockroach's attack.
You hit the giant cockroach but do no damage.
Your grab misses the giant cockroach. The giant cockroach closely misses you.
The giant cockroach barely misses you.
You hit the giant cockroach but do no damage.
You grab the giant cockroach. You squeeze the giant cockroach.
The giant cockroach is almost dead.
You constrict the giant cockroach, but do no damage.
The giant cockroach closely misses you. x2
You hit the giant cockroach.
You kill the giant cockroach!
You barely miss the worm. You grab the worm.
The worm is moderately wounded.
You constrict the worm. The worm bites you.
You slash the worm!
The worm is severely wounded.
You constrict the worm. The worm bites you!
You die...

..# ..# ..####
..... ...#
##...# #....#
#####w#..##.#
#....@#.....#
....###.....#
## ###..#...#
####...###....#
#....### #...#
#.#### ...# #.#
..# #. #.# .#
#.# ##.#


You could see a worm.

Vanquished Creatures
  A gnoll (D:1)
  A dart slug (D:1)
  2 endoplasms
  5 giant cockroaches
  A hobgoblin (D:2)
  3 jackals (D:1)
  3 kobolds
  A quokka (D:1)
  A ball python (D:1)
  3 bats
  3 frilled lizards (D:1)
  4 goblins
28 creatures vanquished.

Notes
Turn   | Place    | Note
-------+----------+-------------------------------------------
     0 | D:1      | Zeld the Octopode Fighter began the quest for the Orb.
     0 | D:1      | Reached XP level 1. HP: 16/16 MP: 1/1
   335 | D:1      | Reached XP level 2. HP: 15/21 MP: 2/2
   696 | D:1      | Reached XP level 3. HP: 6/26 MP: 3/3
  1152 | D:2      | Found a faded altar of an unknown god.
  1289 | D:2      | Slain by a worm

Illustrated notes

Levels and vault maps discovered:
D:1:      ncdulo_halloftheorcs, layout_rooms, minmay_misc_feat_diagonals
D:2:      minmay_roachtagon, layout_rooms,
          hellmonk_ecumenical_altar_leap_of_faith

Action                   || total
-------------------------++-------
Melee: War axe           ||    53
       Constrict         ||    13
       Tentacles         ||     8
 Stab: Sleeping          ||     3
Armor: Skin              ||     5
Dodge: Dodged            ||    33
Block: Kite shield       ||    17

Table legend: (Time is in decaauts)
 A = Elapsed time spent in this place.
 B = Non-inter-level travel time spent in this place.
 C = Inter-level travel time spent in this place.
 D = Time resting spent in this place.
 E = Time spent auto-exploring this place.
 F = Levels seen in this place.
 G = Mean time per level.
                   A        B        C        D        E       F      G
               +--------+--------+--------+--------+--------+-----+--------+
         Total |   1321 |   1306 |     15 |      0 |   1107 |   2 |  660.5 |
       Dungeon |   1321 |   1306 |     15 |      0 |   1107 |   2 |  660.5 |
               +--------+--------+--------+--------+--------+-----+--------+

Top non-repeatable levels by time:
     D:1: 1168 daAuts
     D:2: 153 daAuts
